 Dungeon Crawl Stone Soup version 0.21.1-1-g345015f (webtiles) character file.

129 relionnb the Ruffian (level 4, 0/41 HPs)
             Began as a Troll Transmuter on Mar 4, 2018.
             Slain by Sigmund
             ... wielding a +3 scythe of protection
              (9 damage)
             ... on level 2 of the Dungeon.
             The game lasted 00:12:55 (1073 turns).

relionnb the Ruffian (Troll Transmuter)             Turns: 1073, Time: 00:12:56

Health: 0/41       AC:  5    Str: 19    XL:     4   Next: 88%
Magic:  5/5        EV: 10    Int:  9    God:
Gold:   94         SH:  0    Dex: 10    Spells: 5/6 levels left

rFire    . . .     SeeInvis .     - Unarmed
rCold    . . .     Gourm    +   (no shield)
rNeg     . . .     Faith    .   b - +0 robe
rPois    .         Spirit   .   (helmet restricted)
rElec    .         Reflect  .   (no cloak)
rCorr    .         Harm     .   (gloves unavailable)
MR       .....                  (boots unavailable)
Stlth    +.........             (no amulet)
HPRegen  0.53/turn              (no ring)
MPRegen  0.09/turn              (no ring)

@: no status effects
A: large, unfitting armour, claws 3, fast metabolism 3, gourmand, regeneration
1, shaggy fur 1, tough skin 2
a: no special abilities


You were on level 2 of the Dungeon.
You were very full.

You visited 1 branch of the dungeon, and saw 2 of its levels.

You collected 94 gold pieces.

Inventory:

Hand Weapons
 g - a +0 hunting sling
 h - a +2 dagger of venom
 p - a +0 whip of venom
 s - a +0 hunting sling
 x - a cursed -2 flail
Missiles
 a - 49 arrows
 e - 98 stones
 l - 14 sling bullets (quivered)
 n - 27 bolts
Armour
 b - a +0 robe (worn)
 w - a +0 robe
Jewellery
 t - a +4 amulet of reflection {unknown}
Scrolls
 m - 2 scrolls of random uselessness {unknown}
 o - 2 scrolls of identify {unknown}
 q - a scroll of remove curse {unknown}
 r - 2 scrolls of noise {unknown}
Potions
 f - a potion of lignification {unknown}
 i - a potion of heal wounds {unknown}
 j - a potion of mutation {unknown}
 k - a potion of ambrosia {unknown}
 u - a potion of curing {unknown}
 z - a potion of invisibility {unknown}
Books
 c - a book of Changes

   Spells                             Type                      Level
   a - Beastly Appendage              Transmutation                1
   b - Sticks to Snakes               Transmutation                2
   c - Spider Form                    Transmutation/Poison         3
   d - Ice Form                       Ice/Transmutation            4
   e - Blade Hands                    Transmutation                5
Comestibles
 d - 4 rations
 v - 9 chunks of flesh


   Skills:
 * Level 1.5 Fighting
 + Level 2.0 Dodging
 + Level 0.1 Stealth
 + Level 4.4 Unarmed Combat
 + Level 1.6 Spellcasting
 + Level 1.7 Transmutations


You had 5 spell levels left.
You knew the following spells:

 Your Spells              Type           Power        Failure   Level  Hunger
a - Beastly Appendage     Tmut           #.....       17%         1    ##.....


Dungeon Overview and Level Annotations

Branches:
Dungeon (2/15)

Altars:
Zin

Annotations:
D:2 Sigmund


Innate Abilities, Weirdness & Mutations

You are too large for most types of armour.
You have claws for hands.
Your metabolism is lightning-fast.
You like to eat raw meat.
Your natural rate of healing is unusually fast.
You are covered in fur. (AC +1)
You have very tough skin. (AC +2)


Message History

You claw the leopard gecko!
You kill the leopard gecko!
Something hits you but does no damage.
You bump into the rock wall.
Something hits you but does no damage.
You feel less confused.
You hear some strange, mumbled words.
You are confused.
Something hits you.
You bump into the rock wall.
Something hits you.
You bump into the rock wall.
Something hits you!
You closely miss something. You miss something.
You hear some strange, mumbled words.
A magic dart appears from out of thin air!
The magic dart hits you!
* * * LOW HITPOINT WARNING * * *
You bump into the rock wall.
You feel less confused. Something hits you!
You die...

. #....## #.###
#.....# #...####
#.....####......#
#..........#.##.#
##........#.#.##.#
..............##.#
.......#).#.....@#
......?........###
.#.#...#.......#
......######.###
...#### #.# .#.#
..# ...# ...# ....
#...# ..##. ##..#


There were no monsters in sight!

Vanquished Creatures
  An orc priest (D:2)
  An orc wizard (D:2)
  A worm (D:2)
  3 dart slugs
  A leopard gecko (D:2)
  3 orcs (D:2)
  3 ball pythons
  3 bats
  2 giant cockroaches
  4 goblins
  6 hobgoblins
  8 jackals (D:2)
  3 frilled lizards
  8 kobolds
  5 rats
52 creatures vanquished.

Notes
Turn   | Place    | Note
-------+----------+-------------------------------------------
     0 | D:1      | relionnb the Troll Transmuter began the quest for the Orb.
     0 | D:1      | Reached XP level 1. HP: 18/18 MP: 1/1
   186 | D:1      | Reached XP level 2. HP: 24/26 MP: 3/3
   660 | D:2      | Reached XP level 3. HP: 32/32 MP: 4/4
   665 | D:2      | Found a glowing silver altar of Zin.
   807 | D:2      | Reached skill level 1 in Fighting
   875 | D:2      | Reached skill level 4 in Unarmed Combat
   875 | D:2      | Reached XP level 4. HP: 41/41 MP: 5/5
  1044 | D:2      | Noticed Sigmund
  1073 | D:2      | Slain by Sigmund

Skill      XL: |  1  2  3  4 |
---------------+-------------+-----
Fighting       | 1 |  1.5
Unarmed Combat | 4 |  4.4
Dodging        | 2 |  2.0
Stealth        | |  0.1
Spellcasting   | |  1.6
Transmutations | |  1.7

Action                   |  1- 3 |  4- 6 || total
-------------------------+-------+-------++-------
Melee: Unarmed           |   101 |    35 ||   136
       Punch             |     3 |       ||     3
  Eat: Chunk             |    13 |     2 ||    15
Armor: Robe              |    35 |    22 ||    57
Dodge: Dodged            |    49 |    19 ||    68
